 Dungeon Crawl Stone Soup version 0.23.2-40-g277498a001 (webtiles) character file.

Game seed: 16005816163025522962

68 FishyPogo the Chiller (level 4, 0/24 HPs)
             Began as a Deep Elf Ice Elementalist on Aug 15, 2019.
             Slain by a bullfrog zombie (2 damage)
             ... on level 2 of the Dungeon.
             The game lasted 00:05:44 (2024 turns).

FishyPogo the Chiller (Deep Elf Ice Elementalist)   Turns: 2024, Time: 00:05:44

Health: 0/24       AC:  2    Str:  5    XL:     4   Next: 1%
Magic:  7/11       EV: 19    Int: 21    God:
Gold:   79         SH:  0    Dex: 20    Spells: 7/10 levels left

rFire    . . .     SeeInvis .   a - +0 dagger (venom)
rCold    . . .     Gourm    .   (no shield)
rNeg     . . .     Faith    .   h - +0 robe
rPois    .         Spirit   .   (no helmet)
rElec    .         Reflect  .   (no cloak)
rCorr    .         Harm     .   (no gloves)
MR       .....                  (no boots)
Stlth    ++++......             (no amulet)
HPRegen  0.08/turn              (no ring)
MPRegen  0.12/turn              (no ring)

@: agile
A: no striking features
a: no special abilities


You were on level 2 of the Dungeon.
You were hungry.

You visited 1 branch of the dungeon, and saw 2 of its levels.

You collected 79 gold pieces.

Inventory:

Hand Weapons
 a - a +0 dagger of venom (weapon)
 j - a +2 vampiric hand axe
Armour
 h - a +0 robe (worn)
Scrolls
 b - a scroll of enchant armour {unknown}
 e - a scroll of enchant weapon {unknown}
 f - 2 scrolls of identify {unknown}
 g - a scroll of magic mapping {unknown}
 k - a scroll of random uselessness {unknown}
Potions
 i - a potion of curing {unknown}
 l - 2 potions of mutation {unknown}
 m - a potion of ambrosia {unknown}
Comestibles
 c - 2 rations
 n - 4 chunks of flesh


   Skills:
 + Level 3.1 Dodging
 - Level 3.0 Stealth
 + Level 3.6 Spellcasting
 * Level 1.9 Conjurations
 * Level 4.1 Ice Magic


You had 7 spell levels left.
You knew the following spells:

 Your Spells              Type           Power        Failure   Level  Hunger
a - Freeze                Ice            ###.         2%          1    None
b - Throw Frost           Conj/Ice       ###...       5%          2    ##.....

Your spell library contained the following spells:

 Spells                   Type           Power        Failure   Level  Hunger
 Ozocubu's Armour         Chrm/Ice       ##......     16%         3    ###....
 Throw Icicle             Conj/Ice       ###.....     34%         4    ####...
 Summon Ice Beast         Ice/Summ       ##......     45%         4    ####...


Dungeon Overview and Level Annotations

Branches:
Dungeon (2/15)

Altars:


Message History

The bullfrog zombie resists.
You freeze the bullfrog zombie.
The bullfrog zombie is lightly damaged.
The bullfrog zombie closely misses you.
Casting: Freeze (safe; 2% risk of failure)
Confirm with . or Enter, or press ? or * to list all spells.
Aiming: Freeze (safe; 2% risk of failure)
Press: ? - help, Shift-Dir - straight line, f/p - bullfrog zombie
Aim: a bullfrog zombie (lightly damaged)
The bullfrog zombie resists.
You freeze the bullfrog zombie.
The bullfrog zombie is lightly damaged.
The bullfrog zombie hits you.
* * * LOW HITPOINT WARNING * * *
Okay, then.
It was a potion of agility.
You feel agile all of a sudden. The bullfrog zombie barely misses you.
The bullfrog zombie closely misses you.
You closely miss the bullfrog zombie.
The bullfrog zombie is lightly damaged.
The bullfrog zombie hits you.
You die...

....#............#..#
#...
.##.#.###########.#.#
###. ###.#.# #.#.# ##
# #.#.# ##.#.#### #
#.#.# #.......# #.#.#
#[#####.# #.#.# #.#
#.## ###.#.# #(# #.>#
#รท..#.# #@# #..#
......# #Z#####..#
#.#####
########........# #.#
#...........###.# #.#
#.########### #.# ...
#.# #.# #.# #.# #..
#.# ##Z#### ## .#
#.....#


You could see a bullfrog zombie.

Vanquished Creatures
  An ooze (D:1)
  2 adder zombies (D:1)
  A worm (D:2)
  4 dart slugs
  A leopard gecko (D:2)
  A ball python (D:2)
  A giant cockroach (D:2)
  3 goblins (D:1)
  2 hobgoblins (D:2)
  5 jackals
  4 bats
  A frilled lizard (D:1)
  5 kobolds
  18 rats
49 creatures vanquished.

Notes
Turn   | Place    | Note
-------+----------+-------------------------------------------
     0 | D:1      | FishyPogo the Deep Elf Ice Elementalist began the quest for
                  | the Orb.
     0 | D:1      | Reached XP level 1. HP: 10/10 MP: 6/6
   219 | D:1      | Reached XP level 2. HP: 14/15 MP: 5/8
   581 | D:1      | Reached XP level 3. HP: 8/19 MP: 4/9
   585 | D:1      | Learned a level 2 spell: Throw Frost
  1577 | D:2      | Reached skill level 4 in Ice Magic
  2009 | D:2      | Reached XP level 4. HP: 6/24 MP: 7/11
  2024 | D:2      | Slain by a bullfrog zombie

Skill      XL: |  1  2  3 |
---------------+----------+-----
Stealth        | 3 |  3.0
Ice Magic      | 4 |  4.1
Dodging        | 3 |  3.1
Spellcasting   | |  3.6
Conjurations   | |  1.9

Action                   |  1- 3 |  4- 6 || total
-------------------------+-------+-------++-------
Melee: Unarmed           |     1 |       ||     1
       Dagger            |    50 |     1 ||    51
 Cast: Freeze            |    57 |     3 ||    60
       Throw Frost       |     7 |       ||     7
  Use: Potion            |       |     1 ||     1
 Stab: Sleeping          |     5 |       ||     5
  Eat: Chunk             |     3 |       ||     3
Armor: Robe              |    12 |       ||    12
Dodge: Dodged            |    49 |     3 ||    52
